 Dungeon Crawl Stone Soup version 0.31-a0-233-g139696dc86 (webtiles) character file.

Game seed: 16315231948191017452

2279 rabbitsville the Summoner (level 9, 0/62 HPs)
             Began as a Hill Orc Summoner on July 9, 2023.
             Was a Believer of Sif Muna.
             Slain by a shadow imp (3 damage)
             ... on level 8 of the Dungeon.
             The game lasted 00:23:54 (6694 turns).

rabbitsville the Summoner (Hill Orc Summoner)       Turns: 6694, Time: 00:23:55

Health: 0/62       AC:  3    Str: 11    XL:     9   Next: 39%
Magic:  10/14      EV: 12    Int: 19    God:    Sif Muna [**....]
Gold:   404        SH:  0    Dex: 11    Spells: 6/15 levels left

rFire   . . .        j - +1 falchion (venom)
rCold   . . .        (no shield)
rNeg    . . .        a - +0 robe
rPois   .            (no helmet)
rElec   .            (no cloak)
rCorr   .            (no gloves)
SInv    .            r - +0 pair of boots
Will    +....        (no amulet)
Stlth   ++           w - ring of willpower
HPRegen 0.30/turn    (no ring)
MPRegen 0.14/turn

%: no passive effects
@: brilliant, lethally poisoned (0 -> -16), attractive
A: no striking features
a: Renounce Religion, Channel Magic


You were on level 8 of the Dungeon.
You worshipped Sif Muna.
Sif Muna was pleased with you.
You visited 1 branch of the dungeon, and saw 8 of its levels.

You collected 404 gold pieces.

Inventory:

Hand Weapons
 c - a +0 club
 d - a +0 dagger
 e - a +0 hand axe
 j - a +1 falchion of venom (weapon)
Missiles
 A - 5 boomerangs of dispersal
Armour
 a - a +0 robe (worn)
 r - a +0 pair of boots (worn)
Jewellery
 w - a ring of willpower (left hand)
Wands
 n - a wand of mindburst (21)
Scrolls
 g - 2 scrolls of immolation {unknown}
 h - 2 scrolls of teleportation {unknown}
 m - 4 scrolls of identify {unknown}
 o - a scroll of enchant weapon {unknown}
 p - a scroll of revelation {unknown}
 s - a scroll of amnesia {unknown}
 t - 2 scrolls of vulnerability {unknown}
 v - a scroll of blinking {unknown}
 x - a scroll of enchant armour {unknown}
 y - a scroll of fear {unknown}
 D - a scroll of fog {unknown}
Potions
 b - a potion of magic
 f - a potion of brilliance
 i - a potion of attraction
 k - 2 potions of curing {unknown}
 l - a potion of mutation {unknown}
 q - 2 potions of enlightenment {unknown}
 u - 2 potions of might {unknown}
 z - 2 potions of lignification {unknown}
 B - a potion of resistance {unknown}
 C - a potion of degeneration {unknown}


   Skills:
 - Level 1.6 Dodging
 - Level 1.6 Stealth
 - Level 3.6 Spellcasting
 - Level 8.0 Hexes
 * Level 9.0 Summonings
 + Level 0.6 Air Magic


You had 6 spell levels left.
You knew the following spells:

 Your Spells              Type           Power      Damage    Failure   Level
a - Summon Small Mammal   Summ           100%       N/A       1%          1
b - Call Imp              Summ           100%       N/A       1%          2
c - Call Canine Familiar  Summ           54%        N/A       1%          3
d - Summon Guardian Gole  Hex/Summ       52%        N/A       1%          3

Your spell library contained the following spells:

 Spells                   Type           Power      Damage    Failure   Level
 Apportation              Tloc           10%        N/A       14%         1
 Freeze                   Ice            20%        1d4       14%         1
 Summon Lightning Spire   Summ/Air       32%        N/A       19%         4
 Frozen Ramparts          Ice            10%        1d2       41%         3
 Hailstorm                Conj/Ice       5%         3d4       41%         3
 Ozocubu's Armour         Ice            5%         N/A       41%         3
 Alistair's Intoxication  Tmut/Pois      3%         N/A       99%         5
 Iskenderun's Battlesphe  Conj           5%         2d6       99%         5
 Leda's Unmaking          Conj/Erth      2%         9d1       100%        6
 Ozocubu's Refrigeration  Ice            2%         4d8       100%        7
 Spellforged Servitor     Conj/Summ      15%        N/A       100%        7


Dungeon Overview and Level Annotations

Branches:
Dungeon (8/15)             Temple (0/1) D:6
   Lair: D:8-11

Altars:
Cheibriados
Elyvilon
Kikubaaqudgha
Nemelex Xobeh
Qazlal
Ru
Sif Muna
Yredelemnul
Beogh

Annotations:
D:5 1 runed translucent door, Brisketman's ghost, novice MfGl
D:7 8 runed translucent doors, exclusion: 3 doors, Crazy Yiuf; Leavold's ghost, novice TeDe


Message History

The killer bee stings you. The shadow imp misses you.
Your wolf barely misses the killer bee.
You barely miss the shadow imp.
You feel very sick.
The killer bee completely misses your wolf.
The killer bee completely misses you.
Your wolf barely misses the killer bee.
The killer bee stings your wolf!
Your wolf looks as sick as possible!
The killer bee poisons your wolf! The killer bee stings you.
* * * LOW HITPOINT WARNING * * *
You are lethally poisoned!
The killer bee poisons you! The shadow imp barely misses you.
Your wolf bites the killer bee but does no damage.
Your cerulean imp hits the shadow imp but does no damage.
The killer bee stings you but does no damage.
The killer bee stings your wolf.
Your wolf looks as sick as possible!
The killer bee poisons your wolf!
It was a potion of attraction.
You feel attractive to monsters.
* * * LOW HITPOINT WARNING * * *
You feel very sick. The killer bee barely misses your wolf.
The killer bee stings you.
* * * LOW HITPOINT WARNING * * *
You are more poisoned.
The killer bee poisons you!
Your wolf bites the killer bee.
The shadow imp misses you.
Your cerulean imp hits the shadow imp with a -1 spear.
The killer bee stings you.
* * * LOW HITPOINT WARNING * * *
The killer bee stings your wolf.
Your wolf dies!
Your wolf's corpse disappears in a puff of smoke!
The killer bee is attracted toward you.
It was a potion of brilliance.
You feel clever all of a sudden.
* * * LOW HITPOINT WARNING * * *
You feel very sick. The killer bee misses you. The shadow imp hits you.
You die...

#...## .....##
.......#
#.......##.
.......#..
######........##
#.5@yy......#...
#5###.§.......# #
#........###
...####.>†.......
#....#.......##
..#.#.#.....###
...#.#.......#
#...##...##.#
#...##.#.# #


You could see 2 killer bees, a shadow imp (ally target) and a friendly cerulean
imp (summoned).

Vanquished Creatures
  An ogre (D:6)
  3 bullfrogs
  2 scorpions (D:5)
  A killer bee (D:8)
  A hound (D:6)
  An orc wizard (D:6)
  A gnoll (D:7)
  3 adders
  A white imp (D:5)
  2 ufetubi (D:4)
  A worm (D:3)
  A dart slug (D:1)
  7 orcs
  4 endoplasms
  A giant cockroach (D:3)
  4 goblins
  2 hobgoblins (D:3)
  7 quokkas
  7 ball pythons
  3 bats (D:1)
  A frilled lizard (D:1)
  5 kobolds
  A rat (D:1)
60 creatures vanquished.

Vanquished Creatures (collateral kills)
  A water moccasin (D:7)
  An ice beast (D:7)
  A sky beast (D:7)
  A black bear (D:5)
  2 ogres
  A bullfrog (D:7)
  2 scorpions
  A wight (D:7)
  A killer bee (D:8)
  A howler monkey (D:8)
  A hound (D:5)
  A gnoll bouda (D:7)
  A sleepcap (D:4)
  An iguana (D:4)
  An orc wizard (D:6)
  7 gnolls
  3 adders
  A worm (D:2)
  3 orcs (D:6)
  3 ball pythons
  An endoplasm (D:4)
  3 giant cockroaches
  2 goblins (D:1)
  3 hobgoblins (D:4)
  4 quokkas
  3 bats
  9 frilled lizards
  9 kobolds
  4 rats
72 creatures vanquished.

Vanquished Creatures (others)
  Menkaure (D:7)
  2 water moccasins (D:6)
  An orc warrior (D:7)
  An ice beast (D:7)
  A kobold brigand (D:6)
  A jelly (D:7)
  An orc (D:6)
8 creatures vanquished.

Grand Total: 140 creatures vanquished

Notes
Turn   | Place    | Note
-------+----------+-------------------------------------------
     0 | D:1      | rabbitsville the Hill Orc Summoner began the quest for the
                  | Orb.
     0 | D:1      | Reached XP level 1. HP: 14/14 MP: 3/3
   145 | D:1      | Reached XP level 2. HP: 20/20 MP: 1/4
   361 | D:1      | Learned a level 2 spell: Call Imp
   556 | D:1      | Reached XP level 3. HP: 26/26 MP: 4/6
  1981 | D:3      | Reached XP level 4. HP: 33/33 MP: 7/7
  2009 | D:3      | HP: 1/33 [constriction (1)]
  2165 | D:2      | Learned a level 3 spell: Call Canine Familiar
  2207 | D:3      | Found a basalt altar of Yredelemnul.
  2208 | D:3      | Found a snail-covered altar of Cheibriados.
  2209 | D:3      | Found a sparkling altar of Nemelex Xobeh.
  2461 | D:3      | Found a shimmering blue altar of Sif Muna.
  2464 | D:3      | Became a worshipper of Sif Muna the Loreminder
  2560 | D:3      | Reached skill level 5 in Summonings
  2584 | D:3      | Reached XP level 5. HP: 5/38 MP: 5/9
  2984 | D:4      | Noticed an ogre
  3007 | D:4      | Killed an ogre
  3169 | D:4      | Found a white marble altar of Elyvilon.
  3320 | D:4      | Found a stormy altar of Qazlal.
  3364 | D:4      | Reached XP level 6. HP: 45/45 MP: 8/10
  3381 | D:4      | Reached skill level 6 in Summonings
  3689 | D:4      | Found a sacrificial altar of Ru.
  3706 | D:5      | Entered Level 5 of the Dungeon
  3750 | D:5      | Reached skill level 1 in Hexes
  3750 | D:5      | Reached XP level 7. HP: 50/50 MP: 10/12
  3840 | D:5      | Found a runed translucent door.
  3842 | D:5      | Noticed Brisketman's ghost (novice MfGl)
  4091 | D:5      | Reached skill level 7 in Summonings
  4358 | D:5      | Reached * piety under Sif Muna
  4573 | D:5      | Learned a level 3 spell: Summon Guardian Golem
  4713 | D:6      | Reached XP level 8. HP: 57/57 MP: 13/13
  4933 | D:6      | Reached skill level 5 in Hexes
  5222 | D:6      | Found a staircase to the Ecumenical Temple.
  5289 | D:6      | Found an ancient bone altar of Kikubaaqudgha.
  5724 | D:7      | Reached skill level 8 in Summonings
  5729 | D:7      | Found a large runed translucent door.
  5889 | D:7      | Noticed Leavold's ghost (novice TeDe)
  5890 | D:7      | Found a runed translucent gate.
  5891 | D:7      | Found a runed translucent gate.
  5892 | D:7      | Found a runed translucent gate.
  5904 | D:7      | Found a roughly hewn altar of Beogh.
  5955 | D:7      | Found a runed translucent door.
  5956 | D:7      | Noticed Crazy Yiuf
  6010 | D:7      | Noticed Menkaure
  6020 | D:7      | Killed Menkaure
  6021 | D:7      | Reached XP level 9. HP: 19/62 MP: 8/14
  6164 | D:7      | Found a large runed translucent door.
  6165 | D:7      | Found a large runed translucent door.
  6172 | D:7      | Noticed a boulder beetle
  6187 | D:7      | HP: 2/62 [poisoned by a water moccasin]
  6201 | D:7      | HP: 3/62 [poisoned by a water moccasin]
  6413 | D:7      | Found a large runed translucent door.
  6671 | D:8      | Reached ** piety under Sif Muna
  6691 | D:8      | Reached skill level 9 in Summonings
  6694 | D:8      | HP: 3/62 [poisoned by a killer bee]
  6694 | D:8      | Slain by a shadow imp

Illustrated notes

Levels and vault maps discovered:
D:1:      dpeg_arrival_subterranean_lakeside_camping, layout_basic,
          minmay_lizard_pond
D:2:      layout_basic, minmay_shallow_snake_nest
D:3:      layout_rooms, grunt_temple_overflow_open, lemuel_blue_sif_altar
D:4:      layout_basic, mainiacjoe_overflow_cross_hatched,
          nicolae_ru_path_of_blood, mainiacjoe_overflow_concentric_impassable,
          corexii_hall_statues_x
D:5:      layout_loops_ring, ebering_ghost_sewer_d
D:6:      layout_gridville, mainiacjoe_overflow_six_doors_small,
          minmay_temple_entry_overgrown
D:7:      layout_rooms, ashenzari_altar_1, biasface_ghost_orc_armoury,
          minmay_hollow_rounded_squares, uniq_crazy_yiuf_cottage, uniq_menkaure
D:8:      layout_rooms, dk_rats_in_the_wall, uniq_maggie

Skill      XL: |  1  2  3  4  5  6  7  8  9 |
---------------+----------------------------+-----
Spellcasting   | 2 3 |  3.6
Summonings     | 5 6 7 8 9 |  9.0
Hexes          | 1 4 7 8 |  8.0
Dodging        | |  1.6
Stealth        | |  1.6
Air Magic      | |  0.6

Action                     |  1- 3 |  4- 6 |  7- 9 || total
---------------------------+-------+-------+-------++-------
  Melee: Club              |     6 |       |       ||     6
         Dagger            |    15 |       |       ||    15
         Hand axe          |    37 |       |       ||    37
         Falchion          |    11 |    76 |    86 ||   173
         Punch             |       |     2 |     1 ||     3
   Cast: Summon Small Mamm |    36 |     7 |     4 ||    47
         Call Imp          |     6 |    13 |     9 ||    28
         Call Canine Famil |       |     7 |    21 ||    28
         Summon Guardian G |       |       |    11 ||    11
    Use: Potion            |       |       |     5 ||     5
   Stab: Distracted        |       |     3 |     2 ||     5
         Sleeping          |       |     2 |     1 ||     3
 Armour: Robe              |    18 |    14 |    15 ||    47
  Dodge: Dodged            |    54 |    57 |    74 ||   185

Table legend: (Time is in decaauts)
 A = Elapsed time spent in this place.
 B = Non-inter-level travel time spent in this place.
 C = Inter-level travel time spent in this place.
 D = Time resting spent in this place.
 E = Time spent auto-exploring this place.
 F = Levels seen in this place.
 G = Mean time per level.
                   A        B        C        D        E       F      G
               +--------+--------+--------+--------+--------+-----+--------+
         Total |   6759 |   6577 |    182 |    240 |   4504 |   8 |  844.9 |
       Dungeon |   6759 |   6577 |    182 |    240 |   4504 |   8 |  844.9 |
               +--------+--------+--------+--------+--------+-----+--------+

Top non-repeatable levels by time:
     D:1: 1230 daAuts
     D:6: 1147 daAuts
     D:2: 880 daAuts
     D:5: 873 daAuts
     D:3: 851 daAuts
     D:7: 823 daAuts
     D:4: 782 daAuts
     D:8: 169 daAuts
